TOP OF THE 1ST |
Buffalo Bisons batting - Pitching for Durham Bulls : RHP Ben Peoples
|
Pitching: RHP Ben Peoples
|
|
Batting: LHB Jake Burlingame
|
0-0: Called Strike 0-1: Ball 1-1: Foul Ball, location: 2F 1-2: Strikes out swinging
|
Batting: RHB Vinny Capra
|
0-0: Called Strike 0-1: Swinging Strike 0-2: Ball 1-2: Ball 2-2: Foul Ball, location: 2F 2-2: Foul Ball, location: 2F 2-2: Strikes out looking
|
Batting: LHB Will Robertson
|
0-0: Ball 1-0: Foul Ball, location: 2F 1-1: Called Strike 1-2: Ball 2-2: Ground out 4-3 (Groundball, 34, EV 87.5 MPH)
|
Top of the 1st over - 0 runs, 0 hits, 0 errors, 0 left on base; Buffalo 0 - Durham 0 |
BOTTOM OF THE 1ST |
Durham Bulls batting - Pitching for Buffalo Bisons : RHP Gabriel Ponce
|
Pitching: RHP Gabriel Ponce
|
|
Batting: SHB Keithron Moss
|
0-0: Ball 1-0: Called Strike 1-1: Fly out, F7 (Flyball, 78M, EV 86.9 MPH)
|
Batting: RHB Sincere Smith
|
0-0: Ball 1-0: Fly out, F7 (Flyball, 7LS, EV 88.8 MPH)
|
Batting: LHB Adam Frazier
|
0-0: Swinging Strike 0-1: SINGLE (Line Drive, 5D, EV 100.6 MPH)
|
Batting: RHB Heliot Ramos
|
0-0: Swinging Strike 0-1: Foul Ball, location: 2F 0-2: DOUBLE (Line Drive, 89D, EV 105.0 MPH) Adam Frazier to third Runner from 3rd tries for Home, SAFE, throw by CF to home
|
Batting: RHB Osmy Gregorio
|
0-0: Ball 1-0: Ball 2-0: Called Strike 2-1: Ground out 3-1 (Groundball, 34, EV 107.5 MPH)
|
Bottom of the 1st over - 1 run, 2 hits, 0 errors, 1 left on base; Buffalo 0 - Durham 1 |
TOP OF THE 2ND |
Buffalo Bisons batting - Pitching for Durham Bulls : RHP Ben Peoples
|
Batting: RHB Kevin Smith
|
0-0: Ball 1-0: Foul Ball, location: 2F 1-1: Ball 2-1: Ball 3-1: Base on Balls
|
Batting: RHB Gabriel Moreno
|
0-0: Swinging Strike 0-1: Swinging Strike 0-2: Ball 1-2: Foul Ball, location: 2F 1-2: Foul Ball, location: 2F 1-2: Fielders Choice at 2nd, 5-4 (Groundball, 56, EV 86.2 MPH)
|
Batting: LHB Spencer Horwitz
|
0-0: Called Strike 0-1: Ball 1-1: Swinging Strike 1-2: Ball 2-2: SINGLE (Groundball, 3D, EV 98.8 MPH) Gabriel Moreno to second Runner from 2nd tries for 3rd, SAFE, throw by RF made to third Spencer Horwitz to second
|
Batting: SHB Kris Armstrong
|
0-0: Called Strike 0-1: Swinging Strike 0-2: Foul Ball, location: 2F 0-2: Ball 1-2: Strikes out swinging
|
Batting: LHB Zach Hogueisson
|
0-0: Swinging Strike 0-1: Foul Ball, location: 2F 0-2: Ball 1-2: Ball 2-2: Foul Ball, location: 2F 2-2: Ground out 2-3 (Groundball, 13S, EV 71.2 MPH)
|
Top of the 2nd over - 0 runs, 1 hit, 0 errors, 2 left on base; Buffalo 0 - Durham 1 |
BOTTOM OF THE 2ND |
Durham Bulls batting - Pitching for Buffalo Bisons : RHP Gabriel Ponce
|
Batting: RHB Cam Hart
|
0-0: Called Strike 0-1: Ball 1-1: Ball 2-1: Foul Ball, location: 2F 2-2: Ball 3-2: Ground out 6-3 (Groundball, 6, EV 90.0 MPH)
|
Batting: SHB Alonzo Jones
|
0-0: Ball 1-0: Fly out, F9 (Flyball, 9LS, EV 95.0 MPH)
|
Batting: SHB Cesar Izturis Jr.
|
0-0: Foul Ball, location: 2F 0-1: Ball 1-1: Ball 2-1: Called Strike 2-2: Fly out, F8 (Flyball, 89D, EV 94.4 MPH)
|
Bottom of the 2nd over - 0 runs, 0 hits, 0 errors, 0 left on base; Buffalo 0 - Durham 1 |
TOP OF THE 3RD |
Buffalo Bisons batting - Pitching for Durham Bulls : RHP Ben Peoples
|
Batting: LHB Tanner Morris
|
0-0: Ground out U3 (Groundball, 34, EV 84.4 MPH)
|
Batting: LHB Jake Burlingame
|
0-0: Ball 1-0: Called Strike 1-1: Ball 2-1: Foul Ball, location: 2F 2-2: Strikes out looking
|
Batting: RHB Vinny Capra
|
0-0: Ball 1-0: Foul Ball, location: 2F 1-1: Ball 2-1: Called Strike 2-2: Ball 3-2: Ground out 4-3 (Groundball, 4, EV 102.5 MPH)
|
Top of the 3rd over - 0 runs, 0 hits, 0 errors, 0 left on base; Buffalo 0 - Durham 1 |
BOTTOM OF THE 3RD |
Durham Bulls batting - Pitching for Buffalo Bisons : RHP Gabriel Ponce
|
Batting: RHB Hemmanuel Rosario
|
0-0: DOUBLE (Flyball, 8LXD, EV 110.0 MPH) - OUT at third base trying to stretch hit.
|
Batting: SHB Keithron Moss
|
0-0: Foul Ball, location: 2F 0-1: Ball 1-1: Swinging Strike 1-2: Ball 2-2: Ball 3-2: Foul Ball, location: 2F 3-2: Strikes out swinging
|
Batting: RHB Sincere Smith
|
0-0: Fly out, F8 (Flyball, 89XD, EV 88.1 MPH)
|
Bottom of the 3rd over - 0 runs, 1 hit, 0 errors, 0 left on base; Buffalo 0 - Durham 1 |
TOP OF THE 4TH |
Buffalo Bisons batting - Pitching for Durham Bulls : RHP Ben Peoples
|
Batting: LHB Will Robertson
|
0-0: Ball 1-0: Foul Ball, location: 2F 1-1: Ball 2-1: Foul Ball, location: 2F 2-2: Foul Ball, location: 2F 2-2: Strikes out swinging
|
Batting: RHB Kevin Smith
|
0-0: Ball 1-0: Foul Ball, location: 2F 1-1: Foul Ball, location: 2F 1-2: Ground out 6-3 (Groundball, 6, EV 91.2 MPH)
|
Batting: RHB Gabriel Moreno
|
0-0: Called Strike 0-1: Ball 1-1: Ball 2-1: DOUBLE (Line Drive, 8LXD, EV 104.4 MPH)
|
Batting: LHB Spencer Horwitz
|
0-0: Ball 1-0: Foul Ball, location: 2F 1-1: Ball 2-1: Swinging Strike 2-2: Ball 3-2: Foul Ball, location: 2F 3-2: Foul Ball, location: 2F 3-2: Foul Ball, location: 2F 3-2: Ground out 6-3 (Groundball, 4MS, EV 64.4 MPH)
|
Top of the 4th over - 0 runs, 1 hit, 0 errors, 1 left on base; Buffalo 0 - Durham 1 |
BOTTOM OF THE 4TH |
Durham Bulls batting - Pitching for Buffalo Bisons : RHP Gabriel Ponce
|
Batting: LHB Adam Frazier
|
0-0: Ball 1-0: Foul Ball, location: 2F 1-1: Called Strike 1-2: Foul Ball, location: 2F 1-2: Foul Ball, location: 2F 1-2: DOUBLE (Groundball, 3L, EV 108.1 MPH)
|
Batting: RHB Heliot Ramos
|
0-0: Ball 1-0: Swinging Strike 1-1: Ball Wild Pitch! Adam Frazier to third 2-1: Ball 3-1: Base on Balls
|
Batting: RHB Osmy Gregorio
|
0-0: Foul Ball, location: 2F 0-1: Ball 1-1: Ball 2-1: Ball 3-1: Foul Ball, location: 2F 3-2: Ground out 5-3 (Groundball, 56S, EV 80.6 MPH) Adam Frazier scores Heliot Ramos to second
|
Batting: RHB Cam Hart
|
0-0: Fly out, F9 (Flyball, 9LM, EV 89.4 MPH)
|
Batting: SHB Alonzo Jones
|
0-0: Ball 1-0: Ground out 1-3 (Groundball, 15S, EV 64.4 MPH)
|
Bottom of the 4th over - 1 run, 1 hit, 0 errors, 1 left on base; Buffalo 0 - Durham 2 |
TOP OF THE 5TH |
Buffalo Bisons batting - Pitching for Durham Bulls : RHP Ben Peoples
|
Batting: SHB Kris Armstrong
|
0-0: Ball 1-0: Called Strike 1-1: Ball 2-1: Called Strike 2-2: Foul Ball, location: 2F 2-2: Strikes out swinging
|
Pitching: RHP Christopher Gau
|
|
Batting: LHB Zach Hogueisson
|
0-0: Ball 1-0: Swinging Strike 1-1: Foul Ball, location: 2F 1-2: Foul Ball, location: 2F 1-2: Ball 2-2: Ball 3-2: Foul Ball, location: 2F 3-2: Strikes out swinging
|
Batting: LHB Tanner Morris
|
0-0: Ball 1-0: SINGLE (Groundball, 4D, EV 97.5 MPH)
|
Batting: LHB Jake Burlingame
|
0-0: Ball 1-0: Called Strike 1-1: Ball 2-1: Called Strike 2-2: Foul Ball, location: 2F 2-2: Strikes out swinging
|
Top of the 5th over - 0 runs, 1 hit, 0 errors, 1 left on base; Buffalo 0 - Durham 2 |
BOTTOM OF THE 5TH |
Durham Bulls batting - Pitching for Buffalo Bisons : RHP Gabriel Ponce
|
Batting: SHB Cesar Izturis Jr.
|
0-0: Ball 1-0: Foul Ball, location: 2F 1-1: Called Strike 1-2: DOUBLE (Groundball, 3L, EV 98.8 MPH)
|
Batting: RHB Hemmanuel Rosario
|
0-0: Swinging Strike 0-1: Ball 1-1: Foul Ball, location: 2F 1-2: Foul Ball, location: 2F 1-2: Ground out 6-3 (Groundball, 56, EV 78.8 MPH)
|
Batting: SHB Keithron Moss
|
0-0: Ball Cesar Izturis Jr. steals 3rd base 1-0: Ball 2-0: Foul Ball, location: 2F 2-1: Foul Ball, location: 2F 2-2: Strikes out looking
|
Batting: RHB Sincere Smith
|
0-0: Ball 1-0: Called Strike 1-1: Called Strike 1-2: Strikes out looking
|
Bottom of the 5th over - 0 runs, 1 hit, 0 errors, 1 left on base; Buffalo 0 - Durham 2 |
TOP OF THE 6TH |
Buffalo Bisons batting - Pitching for Durham Bulls : RHP Christopher Gau
|
Batting: RHB Vinny Capra
|
0-0: Called Strike 0-1: Ball 1-1: Ball 2-1: Called Strike 2-2: Ball 3-2: Base on Balls
|
Batting: LHB Will Robertson
|
0-0: Called Strike 0-1: Called Strike 0-2: SINGLE (Line Drive, 8RS, EV 105.0 MPH) Vinny Capra to second
|
Batting: RHB Kevin Smith
|
0-0: Ball 1-0: Swinging Strike 1-1: Ball 2-1: Foul Ball, location: 2F 2-2: Strikes out swinging
|
Batting: RHB Gabriel Moreno
|
0-0: Ball Vinny Capra is caught stealing 3rd base 2-5 1-0: Fly out, F7 (Line Drive, 7, EV 90.0 MPH)
|
Top of the 6th over - 0 runs, 1 hit, 0 errors, 1 left on base; Buffalo 0 - Durham 2 |
BOTTOM OF THE 6TH |
Durham Bulls batting - Pitching for Buffalo Bisons : RHP Gabriel Ponce
|
Batting: LHB Adam Frazier
|
0-0: Ball 1-0: Called Strike 1-1: Ball 2-1: Swinging Strike 2-2: Ball 3-2: Base on Balls
|
Batting: RHB Heliot Ramos
|
0-0: Fly out, F9 (Line Drive, 9, EV 110.6 MPH)
|
Batting: RHB Osmy Gregorio
|
0-0: Called Strike 0-1: Ball 1-1: Ball 2-1: Foul Ball, location: 2F 2-2: Ball 3-2: Foul Ball, location: 2F 3-2: Hit by Pitch Adam Frazier to second
|
Batting: RHB Cam Hart
|
0-0: Foul Ball, location: 2F 0-1: Swinging Strike 0-2: Ball 1-2: Foul Ball, location: 2F 1-2: Strikes out swinging
|
Pitching: LHP Ethan Brown
|
|
Batting: SHB Alonzo Jones
|
0-0: Called Strike 0-1: SINGLE (Groundball, 6MD, EV 103.8 MPH) Adam Frazier to third Osmy Gregorio to second Runner from 3rd tries for Home, SAFE, throw by CF to home
|
Batting: SHB Cesar Izturis Jr.
|
0-0: Called Strike 0-1: Swinging Strike 0-2: Fielders Choice at 2nd, 6-4 (Groundball, 56, EV 104.4 MPH)
|
Bottom of the 6th over - 1 run, 1 hit, 0 errors, 2 left on base; Buffalo 0 - Durham 3 |
TOP OF THE 7TH |
Buffalo Bisons batting - Pitching for Durham Bulls : RHP Christopher Gau
|
Batting: LHB Spencer Horwitz
|
0-0: Called Strike 0-1: Ground out 4-3 (Groundball, 13, EV 88.8 MPH)
|
Batting: SHB Kris Armstrong
|
0-0: Called Strike 0-1: Swinging Strike 0-2: Ball 1-2: Strikes out swinging
|
Batting: LHB Zach Hogueisson
|
0-0: Ball 1-0: Called Strike 1-1: Ball 2-1: SINGLE (Line Drive, 8RS, EV 92.5 MPH)
|
Batting: LHB Tanner Morris
|
0-0: Foul Ball, location: 2F 0-1: Ball 1-1: Called Strike Zach Hogueisson steals 2nd, throwing error, E2 Zach Hogueisson to third 1-2: Ball 2-2: Ball 3-2: Strikes out swinging
|
Top of the 7th over - 0 runs, 1 hit, 1 error, 1 left on base; Buffalo 0 - Durham 3 |
BOTTOM OF THE 7TH |
Durham Bulls batting - Pitching for Buffalo Bisons : LHP Ethan Brown
|
Batting: RHB Hemmanuel Rosario
|
0-0: Foul Ball, location: 2F 0-1: Foul Ball, location: 2F 0-2: Foul Ball, location: 2F 0-2: Foul Ball, location: 2F 0-2: Ball 1-2: Strikes out swinging
|
Batting: SHB Keithron Moss
|
0-0: Ball 1-0: Ball 2-0: Ball 3-0: Base on Balls
|
Batting: RHB Sincere Smith
|
0-0: 2-RUN HOME RUN (Flyball, 7D, EV 100.0 MPH), Distance : 363 ft
|
Batting: LHB Adam Frazier
|
0-0: Called Strike 0-1: Ball 1-1: DOUBLE (Flyball, 8RD, EV 98.8 MPH)
|
Batting: RHB Heliot Ramos
|
0-0: Ball 1-0: Ball 2-0: Swinging Strike 2-1: Swinging Strike 2-2: Ball 3-2: Strikes out looking
|
Batting: RHB Osmy Gregorio
|
0-0: Swinging Strike 0-1: Foul Ball, location: 2F 0-2: Ball 1-2: Foul Ball, location: 2F Balk! Adam Frazier to third 1-2: Strikes out looking
|
Bottom of the 7th over - 2 runs, 2 hits, 0 errors, 1 left on base; Buffalo 0 - Durham 5 |
TOP OF THE 8TH |
Buffalo Bisons batting - Pitching for Durham Bulls : RHP Christopher Gau
|
Batting: LHB Jake Burlingame
|
0-0: Foul Ball, location: 2F 0-1: Ground out U3 (Groundball, 3L, EV 100.0 MPH)
|
Batting: RHB Vinny Capra
|
0-0: Called Strike 0-1: Foul Ball, location: 2F 0-2: Ball 1-2: Foul Ball, location: 2F 1-2: Strikes out swinging
|
Pitching: RHP Gus Varland
|
|
Batting: LHB Will Robertson
|
0-0: Called Strike 0-1: Foul Ball, location: 2F 0-2: Ball 1-2: Foul Ball, location: 2F 1-2: Ball 2-2: Strikes out swinging
|
Top of the 8th over - 0 runs, 0 hits, 0 errors, 0 left on base; Buffalo 0 - Durham 5 |
BOTTOM OF THE 8TH |
Durham Bulls batting - Pitching for Buffalo Bisons : LHP Ethan Brown
|
Batting: RHB Cam Hart
|
0-0: Called Strike 0-1: Ball 1-1: Ground out 6-3 (Groundball, 6, EV 97.5 MPH)
|
Batting: SHB Alonzo Jones
|
0-0: Called Strike 0-1: Ball 1-1: Foul Ball, location: 2F 1-2: Ball 2-2: Foul Ball, location: 2F 2-2: Ball 3-2: Base on Balls
|
Pitching: RHP Anders Tolhurst
|
|
Batting: SHB Cesar Izturis Jr.
|
0-0: Ball Alonzo Jones steals 2nd base 1-0: Ball 2-0: Ball Alonzo Jones is caught stealing 3rd base 2-5 3-0: Called Strike 3-1: Fly out, F5 (Line Drive, 5, EV 71.2 MPH)
|
Bottom of the 8th over - 0 runs, 0 hits, 0 errors, 0 left on base; Buffalo 0 - Durham 5 |
TOP OF THE 9TH |
Buffalo Bisons batting - Pitching for Durham Bulls : RHP Gus Varland
|
Batting: RHB Kevin Smith
|
0-0: Called Strike 0-1: SINGLE (Groundball, 4M, EV 101.2 MPH) (infield hit)
|
Batting: RHB Gabriel Moreno
|
0-0: Ball 1-0: Ball 2-0: Ball 3-0: Called Strike 3-1: Ground out 5-3 (Groundball, 56S, EV 67.5 MPH) Kevin Smith to second
|
Batting: LHB Spencer Horwitz
|
0-0: Foul Ball, location: 2F 0-1: SINGLE (Groundball, 6MD, EV 102.5 MPH) Kevin Smith to third
|
Batting: SHB Kris Armstrong
|
0-0: Ball 1-0: Swinging Strike 1-1: Fly out, F8 (Flyball, 8RXD, EV 101.9 MPH) Runner from 3rd tags up, SCORES, no throw by CF
|
Pitching: RHP Rodolfo Sanchez
|
|
Batting: LHB Zach Hogueisson
|
0-0: Called Strike 0-1: Foul Ball, location: 2F 0-2: Ball 1-2: Strikes out swinging
|
Top of the 9th over - 1 run, 2 hits, 0 errors, 1 left on base; Buffalo 1 - Durham 5 |
|